 Dungeon Crawl Stone Soup version 0.25.0-33-gff14898491 (webtiles) character file.

Game seed: 7342947125155551110

656 Ethylacetat the Cutter (level 7, -2/49 HPs)
             Began as an Octopode Assassin on July 6, 2020.
             Slain by a centaur (8 damage)
             ... on level 5 of the Dungeon.
             The game lasted 00:14:23 (5085 turns).

Ethylacetat the Cutter (Octopode Assassin)          Turns: 5085, Time: 00:14:24

Health: -2/49      AC:  1    Str: 13      XL:     7   Next: 55%
Magic:  7/7        EV: 12    Int: 13      God:
Gold:   204        SH:  0    Dex: 12 (13) Spells: 6/6 levels left

rFire    . . .     SeeInvis +   a - +2 dagger
rCold    . . .     Gourm    .   (no shield)
rNeg     . . .     Faith    .   (helmet restricted)
rPois    .         Spirit   .   y - amulet of regeneration
rElec    .         Reflect  .   m - ring of see invisible
rCorr    .         Harm     .   (no ring)
MR       .....                  (no ring)
Stlth    ++++......             (no ring)
HPRegen  0.56/turn              (no ring)
MPRegen  0.10/turn              (no ring)
                                (no ring)
                                (no ring)

@: no status effects
A: almost no armour, stealthy swim, amphibious, 8 rings, constrict 8, camouflage
1, gelatinous body 1
a: no special abilities


You were on level 5 of the Dungeon.
You were not hungry.

You visited 1 branch of the dungeon, and saw 5 of its levels.
You also visited: Sewer.

You collected 204 gold pieces.

Inventory:

Hand Weapons
 a - a +2 dagger (weapon)
Missiles
 b - 39 poisoned darts (quivered)
 c - 2 curare-tipped darts
Jewellery
 m - a ring of see invisible (left tentacle)
 y - an amulet of regeneration (around mantle)
Wands
 r - a wand of disintegration (9)
Scrolls
 e - 3 scrolls of teleportation {unknown}
 g - 2 scrolls of identify {unknown}
 j - 2 scrolls of magic mapping {unknown}
 k - 2 scrolls of remove curse {unknown}
 l - 2 scrolls of fear {unknown}
 n - 2 scrolls of blinking {unknown}
 s - a scroll of immolation {unknown}
 t - 2 scrolls of fog {unknown}
 w - a scroll of enchant weapon {unknown}
 A - a scroll of enchant armour {unknown}
Potions
 f - 6 potions of curing {unknown}
 h - 3 potions of haste {unknown}
 i - 5 potions of heal wounds {unknown}
 o - 3 potions of stabbing {unknown}
 p - a potion of mutation {unknown}
 q - a potion of invisibility {unknown}
 u - a potion of degeneration {unknown}
 v - 2 potions of resistance {unknown}
 x - a potion of flight {unknown}
 B - 3 potions of brilliance {unknown}
 C - a potion of might {unknown}
Comestibles
 d - 7 rations
 z - 3 chunks of flesh


   Skills:
 + Level 4.9 Fighting
 * Level 6.8 Short Blades
 - Level 2.0 Throwing
 - Level 1.0 Dodging
 - Level 5.3 Stealth


You had 6 spell levels left.
You didn't know any spells.
Your spell library contained the following spells:

 Spells                   Type           Power        Failure   Level  Hunger
 Beastly Appendage        Tmut           #.....       30%         1    ##.....
 Sticks to Snakes         Tmut           #.......     43%         2    ###....
 Spider Form              Tmut/Pois      #.........   67%         3    ####...
 Ice Form                 Ice/Tmut       #.......     97%         4    #####..
 Blade Hands              Tmut           #.........   100%        5    ######.


Dungeon Overview and Level Annotations

Branches:
Dungeon (5/15)              Sewer (visited)
 Temple: D:4-7

Altars:
Elyvilon
Gozag


Innate Abilities, Weirdness & Mutations

You cannot wear most types of armour.
You are very stealthy in the water. (Stealth+)
You are amphibious.
You can wear up to eight rings at the same time.
You can use your tentacles to constrict eight enemies at once.
Your skin changes colour to match your surroundings (Stealth+).
Your rubbery body absorbs attacks. (AC +1, EV +1)


Message History

The arrow closely misses you.
The centaur shoots an arrow.
The arrow hits you!
There is an open door, spattered with blood here.
The centaur shoots an arrow.
The arrow hits you!
You see here an arrow.
The centaur shoots an arrow.
The arrow barely misses you.
The centaur shoots an arrow.
The arrow hits you!
You see here an arrow.
You are too injured to fight recklessly!
You are too injured to fight recklessly!
The centaur unwields a +0 shortbow.
The centaur hits you.
* * * LOW HITPOINT WARNING * * *
You hit the centaur.
You squeeze the centaur, but do no damage.
The centaur is lightly wounded.
The centaur hits you!
* * * LOW HITPOINT WARNING * * *
You barely miss the centaur. You squeeze the centaur.
The centaur is moderately wounded.
The centaur hits you!
You die...

#.######.....###
#########.......###..#
................# #..#
######(##.##.#.# #..#
##'#### # ...### #.(.#
#...... #...# ##.#...
#.(.# #.#.#. #.@.#
>.... #.c.# ##...
#...# ###. #...# #.
#...# # #...# #...#
#...#


You could see a centaur.

Vanquished Creatures
  A phantom (D:4)
  2 big kobolds (Sewer)
  A scorpion (D:4)
  A centaur zombie (D:5)
  A quasit (D:5)
  A hound (D:5)
  An iguana (D:5)
  A worker ant (D:5)
  Robin (D:2)
  7 adders
  3 river rats (Sewer)
  4 oozes
  An adder skeleton (D:2)
  2 worms
  3 leopard geckos
  4 ball pythons (Sewer)
  3 bat skeletons (D:2)
  A bat zombie (D:2)
  A giant cockroach (D:2)
  9 hobgoblins
  2 jackals (D:1)
  A quokka (D:4)
  7 bats
  A frilled lizard (Sewer)
  15 goblins
  18 kobolds
  A leopard gecko skeleton (D:2)
  35 rats
128 creatures vanquished.

Notes
Turn   | Place    | Note
-------+----------+-------------------------------------------
     0 | D:1      | Ethylacetat the Octopode Assassin began the quest for the
                  | Orb.
     0 | D:1      | Reached XP level 1. HP: 14/14 MP: 1/1
   372 | D:1      | Reached XP level 2. HP: 19/19 MP: 2/2
   945 | D:2      | Reached skill level 3 in Short Blades
   945 | D:2      | Reached XP level 3. HP: 17/25 MP: 3/3
  1467 | D:2      | Reached XP level 4. HP: 30/30 MP: 4/4
  1595 | D:2      | Noticed Robin
  1601 | D:2      | Killed Robin
  2107 | D:3      | Reached skill level 4 in Short Blades
  2642 | D:3      | Reached XP level 5. HP: 35/36 MP: 5/5
  3006 | D:4      | Noticed a phantom
  3628 | D:4      | Killed a phantom
  3628 | D:4      | Reached skill level 5 in Short Blades
  3628 | D:4      | Reached XP level 6. HP: 13/43 MP: 6/6
  3637 | D:4      | Found a white marble altar of Elyvilon.
  4004 | D:5      | Entered Level 5 of the Dungeon
  4288 | D:5      | Found a glowing drain.
  4313 | Sewer    | Entered a sewer
  4339 | Sewer    | Reached skill level 6 in Short Blades
  4359 | Sewer    | Reached XP level 7. HP: 31/49 MP: 7/7
  5019 | D:5      | Found an opulent altar of Gozag.
  5085 | D:5      | Slain by a centaur

Illustrated notes

Levels and vault maps discovered:
D:1:      heliophobic_arrival_battle_scene, layout_basic
D:2:      layout_loops_ring, serial_undead, serial_undead_a, serial_undead_e,
          serial_undead_b, serial_undead_c, first_ration, uniq_robin
D:3:      layout_loops_corners, serial_bayou, serial_bayou_shore_a,
          serial_bayou_pond_e, serial_bayou_pond_d, serial_bayou_ford_a,
          serial_bayou_lake_a, serial_bayou_pond_c, lightli_corner_chamber
D:4:      layout_gridville, elyvilon_altar_1
D:5:      layout_loops_ring, grunt_gozag_breadcrumbs, portal_sewer_entry_b,
          minmay_misc_feat_nine_boxes, nrook_uturn, hangedman_decor_lopped

Skill      XL: |  1  2  3  4  5  6 |
---------------+-------------------+-----
Short Blades   | 3 4 5 6 |  6.8
Fighting       | 3 4 |  4.9
Throwing       | |  2.0
Dodging        | |  1.0
Stealth        | |  5.3

Action                   |  1- 3 |  4- 6 |  7- 9 || total
-------------------------+-------+-------+-------++-------
Melee: Dagger            |    70 |   142 |    83 ||   295
       Constrict         |    17 |    23 |    15 ||    55
       Tentacles         |    14 |    30 |    19 ||    63
Throw: Dart              |       |    21 |     4 ||    25
 Stab: Sleeping          |    10 |    12 |    15 ||    37
  Eat: Chunk             |     2 |     8 |     3 ||    13
Armor: Skin              |    10 |     7 |     3 ||    20
Dodge: Dodged            |    50 |    54 |    32 ||   136
